 Dungeon Crawl Stone Soup version 0.30-a0-950-gbf40cfac39 (webtiles) character file.

Game seed: 4312541600276024957

2745 Grim the Destroyer (level 9, -1/48 HPs)
             Began as a Deep Elf Conjurer on Mar 28, 2023.
             Was a Believer of Sif Muna.
             Killed from afar by Maggie (20 damage)
             ... with a bolt of fire
             ... on level 8 of the Dungeon.
             The game lasted 00:25:42 (7635 turns).

Grim the Destroyer (Deep Elf Conjurer)              Turns: 7635, Time: 00:25:42

Health: -1/48      AC:  8    Str:  6    XL:     9   Next: 41%
Magic:  14/22      EV: 13    Int: 26    God:    Sif Muna [**....]
Gold:   633        SH:  0    Dex: 13    Spells: 3/23 levels left

rFire   . . .      SeeInvis +    A - +1 quarterstaff (distort)
rCold   . . .      Faith    .    (shield currently unavailable)
rNeg    . . .      Spirit   .    a - +0 robe
rPois   +          Reflect  .    n - +2 helmet {SInv}
rElec   .          Rampage  .    J - +0 cloak
rCorr   .                        l - +0 pair of gloves
Will    .....                    E - +0 pair of boots
Stlth   ++                       C - amulet of magic regeneration
HPRegen 0.28/turn                j - ring of poison resistance
MPRegen 0.58/turn                H - ring of wizardry

@: mesmerised
A: no striking features
a: Renounce Religion, Channel Magic


You were on level 8 of the Dungeon.
You worshipped Sif Muna.
Sif Muna was pleased with you.
You visited 2 branches of the dungeon, and saw 9 of its levels.

You collected 633 gold pieces.

Inventory:

Hand Weapons
 o - a +5 dagger of speed
 A - a +1 quarterstaff of distortion (weapon)
Armour
 a - a +0 robe (worn)
 l - a +0 pair of gloves (worn)
 n - a +2 helmet of see invisible (worn)
 E - a +0 pair of boots (worn)
 J - a +0 cloak (worn)
Jewellery
 j - a ring of poison resistance (left hand)
 C - an amulet of magic regeneration (around neck)
 F - a ring of fire
 H - a ring of wizardry (right hand)
 I - a +6 ring of strength
Wands
 q - a wand of roots (31)
 u - a wand of flame (40)
 B - a wand of mindburst (19)
 D - a wand of paralysis (15)
 G - a wand of light (11)
Scrolls
 e - 6 scrolls of identify {unknown}
 f - 2 scrolls of teleportation {unknown}
 i - a scroll of noise {unknown}
 k - a scroll of amnesia {unknown}
 m - a scroll of vulnerability {unknown}
 p - a scroll of torment {unknown}
 r - 4 scrolls of magic mapping {unknown}
 x - 3 scrolls of enchant weapon {unknown}
 y - a scroll of silence {unknown}
Potions
 b - 2 potions of magic
 c - 7 potions of curing {unknown}
 d - 5 potions of might {unknown}
 g - 4 potions of flight {unknown}
 h - 5 potions of heal wounds
 s - 3 potions of mutation {unknown}
 t - 3 potions of degeneration {unknown}
 v - a potion of attraction {unknown}
 w - 2 potions of ambrosia {unknown}
 z - 2 potions of brilliance {unknown}


   Skills:
 + Level 2.1 Fighting
 + Level 2.6 Staves
 + Level 4.2 Dodging
 - Level 2.4 Stealth
 - Level 7.5 Spellcasting
 + Level 10.1 Conjurations
 - Level 6.0 Hexes
 - Level 5.0 Summonings


You had 3 spell levels left.
You knew the following spells:

 Your Spells              Type           Power      Damage    Failure   Level
a - Magic Dart            Conj           100%       1d8       1%          1
b - Searing Ray           Conj           100%       2d8       1%          2
c - Summon Small Mammal   Summ           100%       N/A       1%          1
d - Fulminant Prism       Conj/Hex       25%        3d14      1%          4
e - Dazzling Flash        Conj/Hex       100%       N/A       1%          3
f - Tukima's Dance        Hex            40%        N/A       1%          3
g - Summon Guardian Gole  Hex/Summ       38%        N/A       1%          3
h - Call Canine Familiar  Summ           35%        N/A       1%          3

Your spell library contained the following spells:

 Spells                   Type           Power      Damage    Failure   Level
 Beastly Appendage        Tmut           18%        N/A       2%          1
 Sting                    Tmut/Pois      36%        1d4       2%          1
 Poisonous Vapours        Pois/Air       18%        N/A       3%          2
 Wereblood                Tmut           9%         N/A       3%          2
 Spider Form              Tmut/Pois      9%         N/A       8%          3
 Iskenderun's Mystic Bla  Conj/Tloc      36%        2d9       3%          4
 Yara's Violent Unravell  Hex/Tmut       12%        3d7       19%         5
 Olgreb's Toxic Radiance  Pois           9%         N/A       24%         4
 Passage of Golubria      Tloc           9%         N/A       24%         4


Dungeon Overview and Level Annotations

Branches:
Dungeon (8/15)             Temple (1/1) D:5
   Lair: D:8-11

Altars:
Ashenzari
Cheibriados
Dithmenos
Elyvilon
Fedhas
Gozag
Hepliaklqana
Kikubaaqudgha
Makhleb
Nemelex Xobeh
Okawaru
Qazlal
Ru
Sif Muna
Trog
Uskayaw
Vehumet
Wu Jian
Xom
Yredelemnul
Zin
The Shining One

Annotations:
D:8 Maggie


Message History

Your fulminant prism crackles loudly.
Maggie mumbles some strange words.
Maggie attempts to bespell you! You resist with almost no effort.
Your wolf bites Maggie but does no damage.
Your wolf bites Maggie!
Your fulminant prism explodes!
The blast of energy engulfs Maggie!!
Maggie is severely wounded.
The blast of energy engulfs your guardian golem!
Your guardian golem is moderately damaged.
The blast of energy engulfs your wolf!!
Your wolf is severely wounded.
Your wolf disappears in a puff of smoke!
Your guardian golem disappears in a puff of smoke!
Maggie casts a spell.
Maggie attempts to bespell you! You resist with some effort.
You hear a roar!
You hear a shout!
Unknown command.
Casting: Fulminant Prism (dangerous; 1% risk of failure)
Confirm with . or Enter, or press ? or * to list all spells.
Aiming: Searing Ray (safe; 1% risk of failure)
Press: ? - help, Shift-Dir - straight line The searing ray misses Maggie. (Press . to maintain the ray.) Maggie gestures at you while chanting.
The bolt of fire hits you!!
* * * LOW HITPOINT WARNING * * *
Maggie mumbles some strange words.
Maggie attempts to bespell you!
You are mesmerised by Maggie!
The searing ray hits Maggie.
Maggie is severely wounded.
An acid dragon comes into view.
Maggie mumbles the words to a spell, but in the wrong order.
The searing ray hits Maggie.
Maggie is severely wounded.
You finish channelling your searing ray.
Maggie points at you and mumbles some strange words.
The bolt of fire hits you!!
You die...

######### .........
#####........
#..........# #D# #@#
#.######.# . #.. .. .
#@.......# .. #.##.#.#
#..####### .##.#..#.#
#..#######.# ...#....#
#..........#
###.......#.#...#####..#
#.......#.#.#...#
#<.....(........#
####......#.##..#
#...........##..#####.


You could see Maggie (mesmerising) and an acid dragon.

Vanquished Creatures
  Menkaure (D:4)
  4 ice beasts
  An orc warrior (D:6)
  A black bear (D:6)
  A centaur (D:5)
  2 phantoms
  A kobold brigand (D:6)
  A bullfrog (D:7)
  3 scorpions
  3 wights (D:7)
  3 howler monkeys
  A jelly (D:6)
  2 hounds
  3 orc priests
  Crazy Yiuf (D:7)
  Ijyb (D:5)
  A gnoll bouda (D:6)
  2 iguanas
  Terence (D:3)
  2 orc wizards
  Robin (D:2)
  7 adders
  8 gnolls
  A shadow imp (D:7)
  2 worms (D:3)
  2 dart slugs
  9 orcs
  7 ball pythons
  6 bats
  6 endoplasms
  3 giant cockroaches
  9 goblins
  9 hobgoblins
  17 jackals
  10 kobolds
  4 quokkas
  4 frilled lizards
  6 rats
146 creatures vanquished.

Vanquished Creatures (collateral kills)
  A black bear (D:7)
  An ogre (D:6)
  A centaur (D:6)
  A bullfrog (D:6)
  A gnoll sergeant (D:6)
  A scorpion (D:6)
  2 wights (D:7)
  An orc priest (D:6)
  2 gnolls (D:6)
  An orc (D:6)
  3 hobgoblins (D:6)
  A ball python (D:6)
  2 kobolds (D:6)
18 creatures vanquished.

Vanquished Creatures (others)
  A dancing weapon (D:6)
  8 fulminant prisms
  23 plants (D:6)
32 creatures vanquished.

Grand Total: 196 creatures vanquished

Notes
Turn   | Place    | Note
-------+----------+-------------------------------------------
     0 | D:1      | Grim the Deep Elf Conjurer began the quest for the Orb.
     0 | D:1      | Reached XP level 1. HP: 10/10 MP: 6/6
   237 | D:1      | Reached XP level 2. HP: 15/15 MP: 4/8
   363 | D:1      | Learned a level 2 spell: Searing Ray
   534 | D:1      | Found a faded altar of an unknown god.
  1032 | D:1      | Reached skill level 5 in Conjurations
  1032 | D:1      | Reached XP level 3. HP: 19/19 MP: 8/10
  1278 | D:2      | Noticed Robin
  1305 | D:2      | Reached XP level 4. HP: 18/24 MP: 5/12
  1307 | D:2      | Killed Robin
  2204 | D:3      | Noticed Terence
  2213 | D:3      | Killed Terence
  2214 | D:3      | Reached skill level 5 in Spellcasting
  2633 | D:3      | Reached XP level 5. HP: 28/28 MP: 11/14
  2650 | D:3      | Learned a level 1 spell: Summon Small Mammal
  2655 | D:3      | Learned a level 4 spell: Fulminant Prism
  2659 | D:3      | Learned a level 3 spell: Dazzling Flash
  3275 | D:4      | Noticed Menkaure
  3555 | D:4      | Killed Menkaure
  3556 | D:4      | Reached skill level 6 in Conjurations
  3556 | D:4      | Reached skill level 1 in Summonings
  3556 | D:4      | Reached XP level 6. HP: 16/32 MP: 6/17
  4373 | D:5      | Entered Level 5 of the Dungeon
  4381 | D:5      | Learned a level 3 spell: Tukima's Dance
  4385 | D:5      | Learned a level 3 spell: Summon Guardian Golem
  4426 | D:5      | Reached XP level 7. HP: 25/36 MP: 13/18
  4590 | D:5      | Identified the +3 leather armour "Ushappi" {Str+3 Int+3
                  | Stlth+}
  4830 | D:5      | Noticed Ijyb
  4838 | D:5      | Killed Ijyb
  4839 | D:5      | Reached skill level 7 in Conjurations
  5116 | D:5      | Found a staircase to the Ecumenical Temple.
  5121 | Temple   | Entered the Ecumenical Temple
  5218 | Temple   | Became a worshipper of Sif Muna the Loreminder
  5380 | D:6      | Found a shimmering altar of Xom.
  5541 | D:6      | Found a bloodstained altar of Trog.
  5585 | D:6      | Found a radiant altar of Vehumet.
  5585 | D:6      | Found an iron altar of Okawaru.
  5644 | D:6      | Reached XP level 8. HP: 41/41 MP: 15/21
  5648 | D:6      | Learned a level 3 spell: Call Canine Familiar
  5662 | D:6      | Reached skill level 5 in Hexes
  5871 | D:6      | Reached skill level 8 in Conjurations
  5871 | D:6      | Reached skill level 5 in Summonings
  5898 | D:6      | Reached * piety under Sif Muna
  6276 | D:6      | Reached skill level 9 in Conjurations
  6708 | D:6      | Reached skill level 1 in Staves
  6708 | D:6      | Reached XP level 9. HP: 46/46 MP: 18/22
  7040 | D:7      | Reached skill level 1 in Fighting
  7176 | D:7      | Reached skill level 10 in Conjurations
  7225 | D:7      | Reached ** piety under Sif Muna
  7424 | D:7      | Found a runed translucent door.
  7425 | D:7      | Noticed Crazy Yiuf
  7430 | D:7      | Killed Crazy Yiuf
  7622 | D:8      | Noticed Maggie
  7635 | D:8      | Killed from afar by Maggie

Illustrated notes

Levels and vault maps discovered:
D:1:      dpeg_arrival_simpleton_a, layout_loops_ring,
          hellmonk_ecumenical_altar_leap_of_faith
D:2:      layout_basic, uniq_robin
D:3:      minmay_chambers_of_twos, layout_loops_ring, uniq_terence
D:4:      layout_rooms, minmay_starry_boxes, uniq_menkaure
D:5:      layout_gridville, temple_doors_ab, uniq_ijyb
D:6:      kennysheep_housing_project, layout_gridville,
          nicolae_overflow_hidden_temple,
          chequers_temple_overflow_statue_of_worship, portal_sewer_entry_b,
          wad_floor_pattern_1, minmay_crystal_water
D:7:      layout_loops_ring, serial_shops, kennysheep_little_box,
          uniq_crazy_yiuf_cottage
D:8:      wad_woods_minihive, layout_basic, serial_corexii_hall,
          corexii_hall_statues_l, chequers_hall_statues_corner_a,
          chequers_hall_statues_wall_a, chequers_hall_statues_wall_a,
          minmay_misc_feat_x, uniq_maggie
Temple:   nicolae_temple_two_arcs

Skill      XL: |  1  2  3  4  5  6  7  8  9 |
---------------+----------------------------+-----
Spellcasting   | 4 5 6 7 |  7.5
Conjurations   | 5 6 7 9 10 | 10.1
Hexes          | 2 3 4 6 |  6.0
Summonings     | 1 2 4 5 |  5.0
Staves         | 1 2 |  2.6
Fighting       | 2 |  2.1
Dodging        | 4 |  4.2
Stealth        | |  2.4

Action                     |  1- 3 |  4- 6 |  7- 9 || total
---------------------------+-------+-------+-------++-------
  Melee: Dagger            |       |    10 |       ||    10
         Short sword       |       |     2 |       ||     2
         Quarterstaff      |       |    11 |    80 ||    91
   Cast: Magic Dart        |    59 |    89 |    51 ||   199
         Searing Ray       |     1 |    11 |    13 ||    25
         Summon Small Mamm |       |     1 |     1 ||     2
         Summon Guardian G |       |     1 |     4 ||     5
         Tukima's Dance    |       |       |     8 ||     8
         Call Canine Famil |       |       |     8 ||     8
         Fulminant Prism   |       |       |     8 ||     8
   Stab: Distracted        |       |       |     1 ||     1
 Armour: Robe              |       |    11 |    45 ||    56
  Dodge: Dodged            |     6 |    14 |    91 ||   111

Table legend: (Time is in decaauts)
 A = Elapsed time spent in this place.
 B = Non-inter-level travel time spent in this place.
 C = Inter-level travel time spent in this place.
 D = Time resting spent in this place.
 E = Time spent auto-exploring this place.
 F = Levels seen in this place.
 G = Mean time per level.
                   A        B        C        D        E       F      G
               +--------+--------+--------+--------+--------+-----+--------+
         Total |   7656 |   7364 |    292 |   1825 |   4192 |   9 |  850.7 |
       Dungeon |   7548 |   7266 |    282 |   1825 |   4192 |   8 |  943.5 |
        Temple |    107 |     97 |     10 |      0 |      0 |   1 |  107.0 |
               +--------+--------+--------+--------+--------+-----+--------+

Top non-repeatable levels by time:
     D:6: 1689 daAuts
     D:3: 1384 daAuts
     D:1: 1172 daAuts
     D:2: 978 daAuts
     D:5: 891 daAuts
     D:4: 833 daAuts
     D:7: 555 daAuts
  Temple: 107 daAuts
     D:8: 43 daAuts
